 Dungeon Crawl Stone Soup version 0.26.1-11-gd32895ea62 (webtiles) character file.

Game seed: 3912320968459135796

64407 dtburroughs the Fighter (level 14, -4/129 HPs)
             Began as a Minotaur Berserker on June 4, 2021.
             Was a High Priest of Trog.
             Slain by a slime creature (12 damage)
             ... on level 14 of the Dungeon on June 7, 2021.
             The game lasted 01:02:21 (28745 turns).

dtburroughs the Fighter (Minotaur Berserker)       Turns: 28745, Time: 01:02:21

Health: -4/129     AC: 19    Str: 23    XL:     14   Next: 71%
Magic:  0/13       EV: 11    Int:  8    God:    Trog [*****.]
Gold:   1454       SH: 13    Dex: 10    Spells: 13/13 levels left

rFire    . . .     SeeInvis .   R - +1 war axe (flame)
rCold    + . .     Faith    .   j - +0 kite shield
rNeg     . . .     Spirit   +   t - +0 plate armour
rPois    +         Reflect  .   (helmet restricted)
rElec    .         Harm     .   (no cloak)
rCorr    .         Rampage  .   (no gloves)
Will     +....                  x - +2 pair of boots
Stlth    ..........             N - amulet of guardian spirit
HPRegen  0.31/turn              O - ring of poison resistance
MPRegen  0.13/turn              k - ring of protection from cold

@: no status effects
A: retaliatory headbutt, horns 2
a: Renounce Religion, Berserk, Trog's Hand, Brothers in Arms


You were on level 14 of the Dungeon.
You worshipped Trog.
Trog was extremely pleased with you.
You visited 2 branches of the dungeon, and saw 20 of its levels.

You collected 1454 gold pieces.

Inventory:

Hand Weapons
 f - a +3 hand axe of venom
 P - the +8 war axe of Ovyeha {holy, +Rage}
   (You found it on level 1 of the Lair of Beasts)

   It has been blessed by the Shining One to cause great damage to the undead
   and demons.
   It lets you go berserk.
 R - a +1 war axe of flaming (weapon)
 S - a +2 hand axe of freezing
Armour
 j - a +0 kite shield (worn)
 t - a +0 plate armour (worn)
 x - a +2 pair of boots (worn)
Jewellery
 k - a ring of protection from cold (right hand)
 o - an uncursed ring of positive energy
 N - an amulet of guardian spirit (around neck)
 O - a ring of poison resistance (left hand)
Wands
 B - a wand of acid (18)
 E - a wand of disintegration (16)
 H - a wand of polymorph (8)
 I - a wand of digging (6)
 J - a wand of flame (50)
 Q - a wand of iceblast (8)
 X - a wand of random effects (39)
 Y - a wand of enslavement (18)
Scrolls
 c - 3 scrolls of immolation
 d - 7 scrolls of enchant armour
 e - 6 scrolls of fear
 g - 7 scrolls of remove curse
 l - 4 scrolls of blinking
 m - 5 scrolls of fog
 n - 4 scrolls of magic mapping
 s - 5 scrolls of enchant weapon
 u - 8 scrolls of teleportation
 D - a scroll of noise {unknown}
 L - a scroll of acquirement {unknown}
 U - 4 scrolls of identify
Potions
 a - a potion of cancellation {unknown}
 b - 4 potions of lignification
 h - 6 potions of might
 i - a potion of berserk rage {unknown}
 p - a potion of attraction {unknown}
 q - a potion of mutation {unknown}
 v - 4 potions of haste
 w - 6 potions of curing
 A - a potion of ambrosia {unknown}
 F - a potion of magic {unknown}
 G - 7 potions of heal wounds
 M - a potion of flight {unknown}
 W - a potion of resistance {unknown}
Miscellaneous
 Z - a lightning rod (4/4)


   Skills:
 + Level 13.2 Fighting
 + Level 13.2 Axes
 + Level 13.1 Armour
 + Level 12.1 Dodging
 + Level 12.7 Shields
 + Level 9.5 Evocations


You had 13 spell levels left.
You didn't know any spells.
Your spell library was empty.

Dungeon Overview and Level Annotations

Branches:
Dungeon (14/15)            Temple (0/1) D:4            Lair (6/6) D:9
  Swamp (0/4) Lair:4        Snake (0/4) Lair:2        Slime (0/5) Lair:5
    Orc (0/2) D:9          Vaults (0/5) D:13

Altars:
Cheibriados
Kikubaaqudgha
Okawaru
Ru
The Shining One

Shops:
D:13 (   D:14 [

Annotations:
D:7 exclusion: oklob plant
D:8 2 transporters, Contigo's ghost, novice MiBe
Lair:1 2 transporters, Tiocfaidh's ghost, journeyman PaGl


Innate Abilities, Weirdness & Mutations

You reflexively headbutt those who attack you in melee.
You have a pair of horns on your head.


Message History

You block the red ugly thing's attack. The large slime creature hits you!!
You hit the large slime creature but do no damage.
You headbutt the large slime creature.
The large slime creature is lightly wounded.
You slash the red ugly thing! You burn the red ugly thing.
The red ugly thing stings you.
You are engulfed in flames!!
The large slime creature hits you but does no damage.
You slash the large slime creature! You burn the large slime creature.
The large slime creature is moderately wounded.
You hit the red ugly thing. You burn the red ugly thing.
The red ugly thing stings you!
You are engulfed in flames!!
* * * LOW HITPOINT WARNING * * *
A large slime creature splits.
Your deep troll goes berserk!
The red ugly thing stings you!
* * * LOW HITPOINT WARNING * * *
You are engulfed in flames!
* * * LOW HITPOINT WARNING * * *
The slime creature hits you!
You die...

#.###...###....!........###
#..#..#..#..............#
##...###...#######.######
#..## ##### #....# #+# #
#######.### .. #.........#
... #.........# ....
#.T.......# .....
####u@.......#
..J...##...JJ.........
....$.'..##.........###
......#####.........# ....u
########### ####


You could see a red ugly thing, 2 slime creatures and a friendly deep troll
(summoned, berserk).

Vanquished Creatures
  An ironheart preserver (D:13)
  2 dire elephants (Lair:6)
  Snorg (Lair:6)
  A rakshasa (D:13)
  Harold (D:9)
  9 hydras
  A centaur warrior (D:12)
  5 two-headed ogres
  An anaconda (Lair:6)
  An alligator (Lair:4)
  2 death yaks (Lair:4)
  Sonja (Lair:5)
  2 unseen horrors
  A wolf spider zombie (D:13)
  An oklob plant (Lair:3)
  A cyclops (D:11)
  2 manticores (D:12)
  4 ugly things
  16 elephants
  7 black mambas
  A torpor snail (Lair:5)
  A centaur zombie (D:13)
  Maggie (D:6)
  7 cane toads
  5 rime drakes
  An efreet (D:13)
  10 komodo dragons
  5 trolls
  2 tyrant leeches (Lair:4)
  2 polar bears
  9 slime creatures
  9 dream sheep
  6 blink frogs
  5 shadows
  15 yaks
  A wraith (D:10)
  3 wyverns
  A steam dragon (D:9)
  3 basilisks
  11 vampire mosquitoes
  7 swamp worms (Lair:4)
  A two-headed ogre zombie (D:9)
  6 nagas (Lair:2)
  8 water moccasins
  A soldier ant (D:13)
  6 sky beasts
  5 orc warriors
  A black bear (shapeshifter) (D:11)
  A black bear (D:10)
  5 ice beasts
  An eye of draining (D:12)
  4 phantoms
  19 wolves
  4 ogres
  5 centaurs
  5 big kobolds
  A wyvern zombie (D:13)
  23 bullfrogs
  10 scorpions
  26 killer bees
  13 wights
  3 electric eels (Lair:4)
  A howler monkey (D:13)
  3 jellies
  3 quasits
  A bullfrog skeleton (D:7)
  5 orc priests
  9 hounds
  4 centaur skeletons
  2 iguanas
  13 orc wizards
  12 worker ants
  6 hell rats (Lair:3)
  7 ogre zombies (D:9)
  2 hound skeletons (D:10)
  20 adders
  A gnoll (D:4)
  4 shadow imps
  2 white imps
  3 ufetubi
  An ooze (D:3)
  An adder skeleton (D:4)
  A worm (D:2)
  3 dart slugs
  5 leopard geckos
  48 orcs
  A ball python (D:1)
  5 giant cockroaches
  9 goblins
  10 hobgoblins
  8 jackals
  37 kobolds
  5 quokkas
  11 bats
  A frilled lizard (D:2)
  A goblin skeleton (D:9)
  3 goblin zombies (D:9)
  3 hobgoblin skeletons (D:9)
  A hobgoblin zombie (D:9)
  A leopard gecko zombie (D:5)
  4 orc skeletons (D:9)
  13 orc zombies (D:9)
  A quokka skeleton (D:6)
  3 rats (D:1)
  A bush (Lair:3)
588 creatures vanquished.

Vanquished Creatures (collateral kills)
  A dire elephant (Lair:6)
  3 death yaks (Lair:4)
  A manticore (D:13)
  A gargoyle (D:13)
6 creatures vanquished.

Vanquished Creatures (others)
  A human (D:9)
  39 fungi
  39 plants
79 creatures vanquished.

Grand Total: 673 creatures vanquished

Notes
Turn   | Place    | Note
-------+----------+-------------------------------------------
     0 | D:1      | dtburroughs the Minotaur Berserker began the quest for the
                  | Orb.
     0 | D:1      | Reached XP level 1. HP: 19/19 MP: 0/0
   372 | D:1      | Reached XP level 2. HP: 27/27 MP: 1/1
  1275 | D:2      | Reached XP level 3. HP: 26/33 MP: 2/2
  1409 | D:2      | Found an iron altar of Okawaru.
  2004 | D:2      | Reached skill level 1 in Shields
  2132 | D:2      | Found a sacrificial altar of Ru.
  2283 | D:3      | Reached ** piety under Trog
  2284 | D:3      | Reached XP level 4. HP: 40/40 MP: 3/3
  3222 | D:4      | Reached XP level 5. HP: 47/47 MP: 4/4
  3550 | D:4      | Found a staircase to the Ecumenical Temple.
  4004 | D:4      | Reached XP level 6. HP: 55/55 MP: 5/5
  4013 | D:4      | Reached *** piety under Trog
  4097 | D:4      | Reached skill level 5 in Fighting
  4414 | D:5      | Entered Level 5 of the Dungeon
  4428 | D:5      | Reached skill level 5 in Axes
  4716 | D:5      | Reached XP level 7. HP: 61/61 MP: 6/6
  4830 | D:5      | Reached skill level 5 in Armour
  5193 | D:5      | Reached **** piety under Trog
  5288 | D:5      | Reached skill level 1 in Evocations
  5436 | D:6      | Found a glowing golden altar of the Shining One.
  5628 | D:6      | Noticed Maggie
  5639 | D:6      | Killed Maggie
  5640 | D:6      | Reached skill level 5 in Dodging
  5640 | D:6      | Reached XP level 8. HP: 70/70 MP: 7/7
  6028 | D:6      | Reached skill level 5 in Shields
  6962 | D:7      | Noticed an oklob plant
  7129 | D:7      | Found a sacrificial altar of Ru.
  7170 | D:8      | Reached XP level 9. HP: 78/79 MP: 8/8
  7171 | D:8      | Found a transporter.
  7172 | D:8      | Got a pitted scale mail
  7255 | D:8      | Noticed a two-headed ogre
  7276 | D:8      | Killed a two-headed ogre
  7832 | D:8      | Noticed Contigo's ghost (novice MiBe)
  8121 | D:8      | Found a transporter.
  8373 | D:9      | Noticed Harold
  8378 | D:9      | Killed Harold
  8379 | D:9      | Reached XP level 10. HP: 70/89 MP: 9/9
  8423 | D:9      | Reached ***** piety under Trog
  8740 | D:9      | Found a staircase to the Lair.
  8748 | D:9      | Found an ancient bone altar of Kikubaaqudgha.
  9293 | D:9      | Received a gift from Trog
  9338 | D:9      | Found a staircase to the Orcish Mines.
  9664 | D:9      | Reached skill level 5 in Evocations
 10028 | D:10     | Entered Level 10 of the Dungeon
 10114 | D:10     | Noticed a two-headed ogre
 10199 | D:10     | You fall into a shaft and drop 3 floors!
 10205 | D:13     | Found Izxy's Weapon Emporium.
 10486 | D:13     | Reached XP level 11. HP: 92/97 MP: 10/10
 10598 | D:11     | Found a snail-covered altar of Cheibriados.
 10716 | D:10     | Killed a two-headed ogre
 11005 | D:10     | Identified the +0 scale mail of Rotation {+Inv rC+} (You
                  | found it on level 8 of the Dungeon)
 12855 | D:11     | Noticed a brown ugly thing
 12892 | D:11     | Killed a brown ugly thing
 12893 | D:11     | Reached skill level 10 in Fighting
 13510 | D:11     | Reached skill level 10 in Axes
 13922 | D:12     | Received a gift from Trog
 13947 | D:12     | Reached skill level 10 in Armour
 14380 | D:12     | Noticed a centaur warrior
 14389 | D:12     | Killed a centaur warrior
 14390 | D:12     | Reached XP level 12. HP: 87/107 MP: 11/11
 14567 | Lair:1   | Entered Level 1 of the Lair of Beasts
 15096 | Lair:1   | Noticed a four-headed hydra
 15108 | Lair:1   | Killed a one-headed hydra
 15111 | Lair:1   | Reached skill level 10 in Shields
 15780 | Lair:1   | Noticed Tiocfaidh's ghost (journeyman PaGl)
 15787 | Lair:1   | Found a transporter.
 15791 | Lair:1   | Found a transporter.
 15988 | Lair:1   | Got a faintly glowing war axe
 15989 | Lair:1   | Identified the +8 war axe of Ovyeha {holy, +Rage} (You
                  | found it on level 1 of the Lair of Beasts)
 16060 | Lair:1   | Reached skill level 10 in Dodging
 16320 | Lair:1   | You fall into a shaft and drop 1 floor!
 16320 | Lair:2   | Found a sacrificial altar of Ru.
 16547 | Lair:2   | Noticed a six-headed hydra
 16563 | Lair:2   | Killed a one-headed hydra
 16944 | Lair:2   | Found a staircase to the Snake Pit.
 17529 | Lair:3   | Reached XP level 13. HP: 115/116 MP: 12/12
 19935 | Lair:4   | Found a staircase to the Swamp.
 19939 | Lair:4   | Received a gift from Trog
 22428 | Lair:5   | Found a staircase to the Slime Pits.
 23141 | Lair:5   | Noticed Sonja
 23155 | Lair:5   | Killed Sonja
 23869 | Lair:6   | Entered Level 6 of the Lair of Beasts
 24209 | Lair:6   | Reached XP level 14. HP: 117/127 MP: 13/13
 24980 | Lair:6   | Noticed Snorg
 25002 | Lair:6   | Killed Snorg
 27190 | D:13     | Noticed an ironheart preserver
 27224 | D:13     | Killed an ironheart preserver
 27953 | D:13     | Found a gate to the Vaults.
 28637 | D:14     | Found Ykkyog's Armour Shoppe.
 28745 | D:14     | Slain by a slime creature

Illustrated notes

Levels and vault maps discovered:
D:1:      dpeg_arrival_brainrot, layout_basic
D:2:      layout_loops_ring, okawaru_ov_weapons_minmay,
          nicolae_ru_the_path_less_chosen
D:3:      layout_basic, minmay_misc_feat_rugged, nrook_campfire
D:4:      corexii_shantytown, layout_basic, minmay_temple_entry_glassed_door,
          dk_rats_in_the_wall
D:5:      old_forge, layout_basic
D:6:      layout_basic, basic_altar, kennysheep_opposing_triangles, uniq_maggie
D:7:      layout_rooms, serial_co_window_serial, co_window_corner_a,
          co_window_of_opportunity_a, co_window_of_opportunity_a,
          co_window_paths_a, co_window_corner_a, co_window_unsneaky_path_b,
          co_window_of_opportunity_c, co_window_corner_b, co_window_sun,
          lemuel_oklob_altar
D:8:      layout_cave_pools, enter_bailey_3, nzn_ghost_randoct
D:9:      layout_gridville, erik_lair_island, zombieorc2_lemuel,
          tgw_kikubaaqudgha, uniq_harold
D:10:     layout_loops_ring, minmay_joined_circles
D:11:     layout_irregular_city, cheibriados_altar_1
D:12:     layout_loops_ring, minmay_misc_feat_doors,
          chequers_serial_rivers_micro_b
D:13:     layout_roguey, skrybe_vaults_entry_preservation, serial_shops, shop
D:14:     layout_roguey, minmay_strange_pillars, serial_shops,
          kennysheep_little_box, minmay_strange_pillars, lightli_minifort
Lair:1:   layout_layer_cave, gammafunk_ghost_hive, grunt_megastairs_4
Lair:2:   layout_big_grid, minmay_snake_entry_guardpost_medium, basic_altar
Lair:3:   layout_cave_pods, minmay_lair_oklob_bushes
Lair:4:   onia_ninara_swampy_vault, layout_hall_layers,
          minmay_swamp_entry_worms, serial_bayou_shore_a,
          infiniplex_staircase_pool
Lair:5:   layout_concentric_octagons, slime_dummy, beast_lair_carwin_8,
          uniq_sonja
Lair:6:   due_jungle_book, layout_concentric_octagons,
          chequers_serial_rivers_micro_e, uniq_snorg

Skill      XL: |  1  2  3  4  5  6  7  8  9 10 11 12 13 14 |
---------------+-------------------------------------------+-----
Fighting       | 4 5 6 7 8 9 10 11 12 13 | 13.2
Axes           | 4 5 6 7 8 9 10 11 12 13 | 13.2
Armour         | 3 4 5 6 7 8 10 11 12 13 | 13.1
Shields        | 1 2 3 4 5 7 8 9 10 11 12 | 12.7
Dodging        | 3 4 5 7 8 9 10 11 12 | 12.1
Evocations     | 1 2 4 5 6 7 8 9 |  9.5

Action                   |  1- 3 |  4- 6 |  7- 9 | 10-12 | 13-15 || total
-------------------------+-------+-------+-------+-------+-------++-------
Melee: Hand axe          |    65 |   177 |   206 |   587 |   107 ||  1142
       Headbutt          |    12 |    31 |    40 |   187 |   207 ||   477
       War axe           |       |       |       |   237 |   735 ||   972
Invok: Brothers in Arms  |       |       |     1 |     1 |     4 ||     6
       Trog's Hand       |       |       |     2 |     3 |     2 ||     7
Evoke: Wand              |       |       |     5 |       |     3 ||     8
  Use: Scroll            |       |     2 |     9 |     6 |     4 ||    21
       Potion            |       |       |       |       |     1 ||     1
 Stab: Held in net/web   |       |       |     1 |       |       ||     1
Armor: Animal skin       |     5 |       |       |       |       ||     5
       Leather armour    |    11 |     3 |       |       |       ||    14
       Plate armour      |       |    70 |   131 |   411 |   351 ||   963
Dodge: Dodged            |    43 |    36 |    74 |   268 |   290 ||   711
Block: Kite shield       |    19 |    69 |   120 |   486 |   486 ||  1180
